 Dungeon Crawl Stone Soup version 0.30.1-9-gdf580d7c3d (webtiles) character file.

Game seed: 14210488797841046127

816 Zonian the Frost Mage (level 7, -7/36 HPs)
             Began as a Deep Elf Ice Elementalist on Oct 10, 2023.
             Mangled by a two-headed ogre
             ... wielding a +0 giant club
              (15 damage)
             ... on level 5 of the Dungeon.
             The game lasted 00:08:53 (4695 turns).

Zonian the Frost Mage (Deep Elf Ice Elementalist)   Turns: 4695, Time: 00:08:53

Health: -7/36      AC: 12    Str:  5    XL:     7   Next: 62%
Magic:  6/14       EV: 13    Int: 22    God:
Gold:   286        SH:  5    Dex: 15    Spells: 6/13 levels left

rFire   . . .        e - +0 dagger
rCold   . . .        (no shield)
rNeg    . . .        a - +0 robe
rPois   .            (no helmet)
rElec   .            (no cloak)
rCorr   .            (no gloves)
SInv    .            c - +1 pair of boots
Will    .....        m - amulet of reflection
Stlth   ++           (no ring)
HPRegen 0.26/turn    (no ring)
MPRegen 0.14/turn

%: reflection
@: ice-armoured, freezing walls, flying
A: no striking features
a: no special abilities


You were on level 5 of the Dungeon.
You visited 1 branch of the dungeon, and saw 5 of its levels.

You collected 286 gold pieces.

Inventory:

Hand Weapons
 e - a +0 dagger (weapon)
Missiles
 f - 5 boomerangs
 p - 2 curare-tipped darts
 t - 2 javelins
Armour
 a - a +0 robe (worn)
 c - a +1 pair of boots (worn)
 q - a +0 pair of boots
Jewellery
 m - an amulet of reflection (around neck)
Wands
 l - a wand of polymorph (9)
 s - a wand of iceblast (2)
Scrolls
 g - 2 scrolls of fog
 i - a scroll of immolation
 k - a scroll of teleportation
Potions
 b - a potion of magic
 d - a potion of resistance
 j - a potion of might
 n - 2 potions of mutation
 o - a potion of attraction


   Skills:
 - Level 3.0 Dodging
 - Level 3.0 Stealth
 - Level 3.5 Spellcasting
 + Level 10.0 Ice Magic


You had 6 spell levels left.
You knew the following spells:

 Your Spells              Type           Power      Damage    Failure   Level
a - Freeze                Ice            100%       1d10      1%          1
b - Frozen Ramparts       Ice            96%        1d15      1%          3
c - Ozocubu's Armour      Ice            48%        N/A       1%          3

Your spell library contained the following spells:

 Spells                   Type           Power      Damage    Failure   Level
 Summon Ice Beast         Ice/Summ       26%        N/A       14%         4


Dungeon Overview and Level Annotations

Branches:
Dungeon (5/15)
 Temple: D:4-7

Altars:
Gozag

Shops:
D:4 *

Annotations:
D:2 1 runed translucent door, Crazy Yiuf


Message History

The two-headed ogre is moderately wounded.
The wall freezes the two-headed ogre but does no damage.
The two-headed ogre misses you.
The two-headed ogre hits you with a +0 giant club!
* * * LOW HITPOINT WARNING * * *
The wall freezes the ogre!
Okay, then.
It was a potion of flight.
You feel very buoyant.
You fly up into the air.
The wall freezes the ogre.
You block the ogre's attack.
The wall freezes the two-headed ogre.
The two-headed ogre barely misses you. The two-headed ogre closely misses you.
The wall freezes the ogre.
You kill the ogre!
Your Ice Magic skill increases to level 10!
You hit the two-headed ogre.
The two-headed ogre is moderately wounded.
The wall freezes the ogre!
The ogre barely misses you.
Casting: Ozocubu's Armour (safe; 1% risk of failure)
Confirm with . or Enter, or press ? or * to list all spells.
Aiming: Freeze (safe; 1% risk of failure)
Press: ? - help, Shift-Dir - straight line, f - two-headed ogre
Aim: a two-headed ogre, wielding two +0 giant clubs (moderately wounded)
You freeze the two-headed ogre!
The two-headed ogre is heavily wounded.
The wall freezes the two-headed ogre.
The two-headed ogre barely misses you.
The two-headed ogre hits you but does no damage.
Casting: Freeze (safe; 1% risk of failure)
Confirm with . or Enter, or press ? or * to list all spells.
Aiming: Freeze (safe; 1% risk of failure)
Press: ? - help, Shift-Dir - straight line, f/p - two-headed ogre
Aim: a two-headed ogre, wielding two +0 giant clubs (heavily wounded)
You freeze the two-headed ogre.
The two-headed ogre is severely wounded.
The wall freezes the ogre!
You kill the ogre!
The wall freezes the two-headed ogre!
The two-headed ogre completely misses you.
The two-headed ogre hits you with a +0 giant club!
You die...

#### ... ###
#..##...##.[#
#...##.##...# #.
##...#.#†).# . #.
##.†#.#'.## .# #
#...###...###...#..#
........8..........###
....###...###......#.##
#. #)@#.#+ .........
#.O)#.# #........
#...##.## #........
#$.##...## #......#.
####.....####......#.
...................##
.........#####.......#
..........# #........
......###..###....#...


You could see a two-headed ogre.

Vanquished Creatures
  A black bear (D:5)
  3 ogres
  A kobold brigand (D:5)
  A bullfrog (D:4)
  4 hounds (D:5)
  A jelly (D:4)
  Natasha (thrice) (D:4)
  3 iguanas
  5 adders
  2 worms (D:4)
  3 dart slugs
  An orc (D:4)
  8 ball pythons
  3 endoplasms (D:1)
  3 giant cockroaches
  2 hobgoblins
  11 jackals
  3 quokkas
  3 bats
  3 frilled lizards
  6 goblins
  3 kobolds
  7 rats
80 creatures vanquished.

Notes
Turn   | Place    | Note
-------+----------+-------------------------------------------
     0 | D:1      | Zonian the Deep Elf Ice Elementalist began the quest for
                  | the Orb.
     0 | D:1      | Reached XP level 1. HP: 10/10 MP: 6/6
   294 | D:1      | Reached XP level 2. HP: 14/15 MP: 6/8
  1041 | D:2      | Reached XP level 3. HP: 12/19 MP: 5/10
  1314 | D:2      | Learned a level 3 spell: Frozen Ramparts
  1382 | D:2      | Found a runed translucent door.
  1383 | D:2      | Noticed Crazy Yiuf
  1442 | D:2      | Reached skill level 5 in Ice Magic
  2490 | D:3      | Reached XP level 4. HP: 23/24 MP: 8/11
  2494 | D:3      | Learned a level 3 spell: Ozocubu's Armour
  2677 | D:4      | Found an opulent altar of Gozag.
  2817 | D:4      | Noticed a bullfrog
  2945 | D:4      | Noticed Natasha
  2955 | D:4      | Killed Natasha
  2956 | D:4      | Reached skill level 6 in Ice Magic
  3029 | D:4      | Noticed Natasha
  3049 | D:4      | Killed Natasha
  3050 | D:4      | Reached XP level 5. HP: 21/28 MP: 5/12
  3530 | D:4      | Noticed Natasha
  3533 | D:4      | Killed Natasha
  3534 | D:4      | Reached skill level 7 in Ice Magic
  3583 | D:4      | Noticed an ogre
  3626 | D:4      | Found Gaheun's Overcharged Wands.
  4005 | D:4      | Killed an ogre
  4006 | D:4      | Reached XP level 6. HP: 32/32 MP: 13/13
  4012 | D:4      | Reached skill level 8 in Ice Magic
  4302 | D:5      | Entered Level 5 of the Dungeon
  4496 | D:5      | Reached XP level 7. HP: 30/36 MP: 12/14
  4628 | D:5      | Reached skill level 9 in Ice Magic
  4686 | D:5      | Noticed a two-headed ogre
  4693 | D:5      | Reached skill level 10 in Ice Magic
  4695 | D:5      | Mangled by a two-headed ogre

Illustrated notes

Levels and vault maps discovered:
D:1:      dpeg_arrival_long_road, layout_basic, dk_noncrumbling_3, minivault_26
D:2:      layout_basic, uniq_crazy_yiuf_cottage
D:3:      layout_basic, corexii_hall_statues_l, minmay_cupped
D:4:      layout_gridville, nicolae_gozag_cash_rules_everything_around_me,
          nicolae_shop_overcharged_wands, uniq_natasha
D:5:      cheibrodos_barr_body, layout_cave_pools, minmay_door_square

Skill      XL: |  1  2  3  4  5  6  7 |
---------------+----------------------+-----
Dodging        | 3 |  3.0
Stealth        | 3 |  3.0
Ice Magic      | 5 6 7 8 10 | 10.0
Spellcasting   | |  3.5

Action                     |  1- 3 |  4- 6 |  7- 9 || total
---------------------------+-------+-------+-------++-------
  Melee: Unarmed           |     3 |       |       ||     3
         Dagger            |    10 |    38 |    10 ||    58
         Punch             |       |     1 |       ||     1
  Throw: Dart              |       |     2 |       ||     2
   Cast: Freeze            |    54 |    35 |     2 ||    91
         Frozen Ramparts   |       |     4 |     3 ||     7
         Ozocubu's Armour  |       |       |     1 ||     1
  Evoke: Wand              |       |     2 |       ||     2
    Use: Scroll            |     9 |     3 |       ||    12
         Potion            |       |     1 |     2 ||     3
   Stab: Sleeping          |     1 |     5 |       ||     6
         Distracted        |       |     1 |       ||     1
 Armour: Robe              |    12 |     9 |     3 ||    24
  Dodge: Dodged            |    34 |    51 |    16 ||   101
  Block: Other             |     3 |    14 |     3 ||    20
         Reflection        |     1 |       |       ||     1
